 Dungeon Crawl Stone Soup version 0.28.0-53-g5a82cb258f (webtiles) character file.

Game seed: 2050146340801421435

2106 SanguineChosen the Basher (level 9, -4/56 HPs)
             Began as a Gargoyle Fighter on July 18, 2022.
             Was a Follower of the Shining One.
             Slain by a gnoll sergeant
             ... wielding a +2 spear of venom
              (7 damage)
             ... on level 6 of the Dungeon.
             The game lasted 00:16:41 (6550 turns).

SanguineChosen the Basher (Gargoyle Fighter)        Turns: 6550, Time: 00:16:42

Health: -4/56      AC: 13    Str: 31    XL:     9   Next: 28%
Magic:  9/9        EV: 11    Int:  6    God:    the Shining One [*.....]
Gold:   234        SH:  4    Dex:  9    Spells: 8/8 levels left

rFire   + . .      SeeInvis +   u - +9 mace of the Exiled Things {flame, rPois Str+7 Int-3 Stlth+}
rCold   . . .      Faith    .   c - +0 buckler
rNeg    + . .      Spirit   .   r - +3 leather armour {rF+}
rPois   ∞          Reflect  .   (no helmet)
rElec   +          Harm     .   (no cloak)
rCorr   .          Rampage  .   (no gloves)
Will    .....                   (no boots)
Stlth   +.........              (no amulet)
HPRegen 0.18/turn               o - ring of see invisible
MPRegen 0.11/turn               (no ring)

@: glowing
A: sickness immunity, AC +6, negative energy resistance 1, electricity
resistance, torment resistance 1, petrification resistance
a: Renounce Religion, Divine Shield


You were on level 6 of the Dungeon.
You worshipped the Shining One.
The Shining One was aware of your devotion.
You visited 1 branch of the dungeon, and saw 6 of its levels.
You also visited: Sewer.

You collected 234 gold pieces.

Inventory:

Hand Weapons
 a - a +0 flail
 j - a +2 mace of holy wrath
 q - a +7 dire flail of holy wrath
 u - the +9 mace of the Exiled Things (weapon) {flame, rPois Str+7 Int-3 Stlth+}
   (You found it on level 4 of the Dungeon)

   It burns those it strikes, dealing additional fire damage.
   Str:       It affects your strength (+7).
   Int:       It affects your intelligence (-3).
   rPois:     It protects you from poison.
   Stlth:     It makes you more stealthy.
Missiles
 v - 24 poisoned darts (quivered)
 z - a throwing net
Armour
 b - a +0 scale mail
 c - a +0 buckler (worn)
 r - a +3 leather armour of fire resistance (worn)
Jewellery
 e - a +6 ring of intelligence
 f - a ring of wizardry
 o - a ring of see invisible (left hand)
Wands
 l - a wand of charming (6)
 p - a wand of digging (3)
 t - a wand of mindburst (10)
 w - a wand of polymorph (6)
Scrolls
 h - 4 scrolls of identify
 y - a scroll of holy word {unknown}
 A - a scroll of fear {unknown}
 B - a scroll of teleportation {unknown}
 C - 3 scrolls of fog {unknown}
 D - a scroll of enchant weapon {unknown}
Potions
 d - a potion of might
 g - 4 potions of curing {unknown}
 i - 3 potions of brilliance {unknown}
 k - a potion of berserk rage {unknown}
 m - a potion of invisibility
 n - a potion of magic {unknown}
 s - a potion of mutation {unknown}
 x - 2 potions of heal wounds {unknown}
 E - a potion of ambrosia {unknown}


   Skills:
 + Level 6.3 Fighting
 + Level 8.4 Maces & Flails
 + Level 5.6 Armour
 + Level 3.3 Dodging
 + Level 2.6 Stealth
 + Level 4.5 Shields
 + Level 0.5 Unarmed Combat


You had 8 spell levels left.
You didn't know any spells.
Your spell library contained the following spells:

 Spells                   Type           Power      Damage    Failure   Level
 Gell's Gravitas          Tloc           0%         N/A       91%         3
 Lesser Beckoning         Tloc           0%         N/A       91%         3
 Teleport Other           Tloc           0%         N/A       91%         3


Dungeon Overview and Level Annotations

Branches:
Dungeon (6/15)             Temple (0/1) D:4           Sewer (visited)

Altars:
Dithmenos
Nemelex Xobeh
Okawaru
Uskayaw
The Shining One


Innate Abilities, Weirdness & Mutations

You are immune to sickness and miasma.
Your stone body is resilient. (AC +6)
You are immune to poison.
You resist negative energy. (rN+)
You are resistant to electric shocks. (rElec)
You are resistant to unholy torment.
You are immune to petrification.


Message History

You hit the two-headed ogre. You burn the two-headed ogre.
The two-headed ogre is severely wounded.
The two-headed ogre closely misses you. The two-headed ogre barely misses you.
You block the gnoll sergeant's attack.
You hit the two-headed ogre. You burn the two-headed ogre.
The two-headed ogre is almost dead.
The gnoll sergeant hits you but does no damage.
The two-headed ogre barely misses you.
The two-headed ogre hits you with a +0 giant club!
You hit the two-headed ogre. You burn the two-headed ogre.
The two-headed ogre is almost dead.
The gnoll sergeant misses you.
You hit the two-headed ogre. You burn the two-headed ogre.
You kill the two-headed ogre!
You block the gnoll sergeant's attack.
Your Fighting skill increases to level 6!
Your Maces & Flails skill increases to level 8!
Your Dodging skill increases to level 3!
You have reached level 9!
Your experience leads to an increase in your attributes!
Your base attributes are Str 22, Int 9, Dex 9.
Increase (S)trength, (I)ntelligence, or (D)exterity?
You feel stronger. x2
You sock the hound! You burn the hound.
You kill the hound!
The gnoll sergeant hits you but does no damage.
The gnoll sergeant hits you from afar with a +2 spear of venom.
You thump the gnoll sergeant! You burn the gnoll sergeant.
The gnoll sergeant is moderately wounded.
The gnoll sergeant hits you with a +2 spear of venom!
* * * LOW HITPOINT WARNING * * *
The gnoll sergeant hits you from afar with a +2 spear of venom!
* * * LOW HITPOINT WARNING * * *
You see here a black bear corpse.
Aiming: Mindburst
Press: ? - help, Q - select action, (/) - cycle Shift-Dir - straight line, f - gnoll sergeant
Aim: a gnoll sergeant, wielding a +2 spear of venom and wearing a +0 ring mail (moderately wounded, chance to affect: 64%)
The gnoll sergeant's mind is blasted!
The gnoll sergeant hits you from afar with a +2 spear of venom!
You die...

############################ ###
.##......#....#.@.g..†.....#...#
..##.....#.#..#...#..##....).:.+
#..##..#.#.#....#.#.....##.#...#
##..##.#)).#.#..#...##.....######
.##....#.....#...................
##..#############.....###########
...## #.##### ### #.# #.#


You could see a gnoll sergeant.

Vanquished Creatures
  A two-headed ogre (D:6)
  Edmund (D:4)
  Duvessa (D:6)
  A black bear (D:6)
  3 kobold brigands (Sewer)
  A gnoll sergeant (D:4)
  2 scorpions
  2 water moccasin skeletons
  Dowan (D:6)
  A howler monkey (D:5)
  2 hounds
  A gnoll shaman (D:2)
  2 centaur zombies
  A bullfrog zombie (D:5)
  An orc priest (D:5)
  A bullfrog skeleton (D:6)
  Jessica (D:2)
  Ijyb (D:5)
  2 orc wizards (D:5)
  7 gnolls
  4 river rats (Sewer)
  10 adders
  A white imp (D:5)
  5 worms
  6 orcs
  5 ball pythons
  13 endoplasms
  3 giant cockroaches
  6 goblins
  6 hobgoblins
  7 kobolds
  5 quokkas
  2 bats
  2 frilled lizards
  A quokka skeleton (D:4)
  30 rats
139 creatures vanquished.

Notes
Turn   | Place    | Note
-------+----------+-------------------------------------------
     0 | D:1      | SanguineChosen the Gargoyle Fighter began the quest for the
                  | Orb.
     0 | D:1      | Reached XP level 1. HP: 14/14 MP: 1/1
   343 | D:1      | Reached XP level 2. HP: 19/19 MP: 2/2
  1205 | D:2      | Reached XP level 3. HP: 24/24 MP: 3/3
  1950 | D:2      | Noticed Jessica
  1962 | D:2      | Killed Jessica
  1963 | D:2      | Reached XP level 4. HP: 23/29 MP: 4/4
  2262 | D:3      | Reached skill level 1 in Dodging
  2593 | D:2      | Reached skill level 3 in Maces & Flails
  2593 | D:2      | Reached XP level 5. HP: 17/33 MP: 5/5
  2869 | D:3      | Found a shadowy altar of Dithmenos.
  3012 | D:3      | Found an iron altar of Okawaru.
  3178 | D:3      | Found a faded altar of an unknown god.
  3416 | D:4      | Noticed Edmund
  3425 | D:4      | HP: 1/34 [Edmund/+7 dire flail of holy wrath (9)]
  3427 | D:4      | Killed Edmund
  3428 | D:4      | Reached XP level 6. HP: 2/39 MP: 6/6
  3752 | D:4      | Reached skill level 4 in Maces & Flails
  3753 | D:4      | Reached skill level 5 in Armour
  3962 | D:4      | Reached skill level 1 in Stealth
  3962 | D:4      | Reached XP level 7. HP: 40/44 MP: 7/7
  4074 | D:4      | Found a glowing golden altar of the Shining One.
  4079 | D:4      | Became a worshipper of the Shining One
  4097 | D:4      | Reached skill level 5 in Fighting
  4291 | D:4      | Found a staircase to the Ecumenical Temple.
  4689 | D:4      | Identified the +9 mace of the Exiled Things {flame, rPois
                  | Str+7 Int-3 Stlth+}
  4776 | D:5      | Entered Level 5 of the Dungeon
  4806 | D:5      | Reached skill level 5 in Maces & Flails
  4832 | D:5      | Noticed Ijyb
  4854 | D:5      | Killed Ijyb
  4942 | D:5      | Found a sparkling altar of Nemelex Xobeh.
  5060 | D:5      | Reached skill level 6 in Maces & Flails
  5160 | D:5      | Found a hide-covered altar of Uskayaw.
  5161 | D:5      | Noticed a +0 dagger
  5161 | D:5      | Noticed a +0 hand axe
  5272 | D:5      | Found a glowing drain.
  5288 | Sewer    | Entered a sewer
  5323 | Sewer    | Reached XP level 8. HP: 44/49 MP: 8/8
  5804 | Sewer    | Reached * piety under the Shining One
  6442 | D:6      | Noticed Duvessa
  6444 | D:6      | Noticed Dowan
  6449 | D:6      | Killed Duvessa
  6450 | D:6      | Reached skill level 7 in Maces & Flails
  6454 | D:6      | Killed Dowan
  6524 | D:6      | Noticed a two-headed ogre
  6535 | D:6      | Killed a two-headed ogre
  6536 | D:6      | Reached skill level 8 in Maces & Flails
  6536 | D:6      | Reached XP level 9. HP: 21/56 MP: 9/9
  6540 | D:6      | HP: 2/56 [gnoll sergeant/+2 spear of venom (9)]
  6550 | D:6      | Slain by a gnoll sergeant

Illustrated notes

Levels and vault maps discovered:
D:1:      dpeg_arrival_fog, layout_rooms
D:2:      layout_loops_ring, minmay_misc_feat_secret_circle, uniq_jessica
D:3:      layout_loops_ring, lemuel_doored_altar,
          grunt_dithmenos_smoke_and_mirrors,
          shapermc_ecumenical_altar_flowoftime
D:4:      layout_cave_pods, mainiacjoe_overflow_six_doors_small,
          minmay_temple_entry_mist, st_stairs_11, minmay_misc_feat_rows,
          minmay_rat_hole, uniq_edmund
D:5:      layout_rooms, nemelex_xobeh_ov_fountains_minmay,
          dancing_weapons_uskayaw, portal_sewer_entry_d, uniq_ijyb
D:6:      minmay_thinvault, layout_basic, lemuel_round_altar,
          mainiacjoe_overflow_alcove_4, uniq_duvessa, uniq_maggie

Skill      XL: |  1  2  3  4  5  6  7  8 |
---------------+-------------------------+-----
Fighting       | 4 5 6 |  6.3
Armour         | 4 5 |  5.6
Dodging        | 1 3 |  3.3
Maces & Flails | 3 4 6 8 |  8.4
Stealth        | 1 2 |  2.6
Shields        | 4 |  4.5
Unarmed Combat | |  0.5

Action                   |  1- 3 |  4- 6 |  7- 9 || total
-------------------------+-------+-------+-------++-------
Melee: Flail             |    53 |       |       ||    53
       Mace              |    45 |    70 |   159 ||   274
       Dire flail        |       |    59 |    22 ||    81
       Unarmed           |       |       |     8 ||     8
Evoke: Wand              |       |       |     1 ||     1
  Use: Scroll            |       |     3 |       ||     3
       Potion            |       |     1 |       ||     1
Armor: Scale mail        |    50 |    33 |       ||    83
       Leather armour    |       |    42 |    72 ||   114
       Skin              |       |       |     2 ||     2
Dodge: Dodged            |    42 |    72 |   102 ||   216
Block: Buckler           |    19 |     4 |    30 ||    53
